Cogmind - Beta 17 @@@ ROGUE MODE // 2026.08.13 @ 04:32:28 Player: biznut Result: Destroyed by H6-KUR(M) with Enhanced Flamer Performance ------------- Evolutions (1) 500 Regions Visited (5) 1000 Robots Destroyed (5) 25 Value Destroyed (90) 90 Prototype IDs (1) 20 Alien Tech Used (0) 0 Bonus (581) 581 TOTAL SCORE: 2216 Bonus ------- Follower Combat Kills 91 Met Imprinter 300 Was Imprinted 300 Friendly Fire -110 Cogmind --------- Core Integrity 0/400 Matter 300/300 Energy 99/100 System Corruption 5% Temperature Cool (20) Movement Core (150) Ox2 Location -7/Zion Parts ------- > --- POWER (1) -------- (None) > --- PROPULSION (3) --- (None) > --- UTILITY (3) ------ Small Storage Unit > --- WEAPON (2) ------- Phasing Sabre > --- INVENTORY (8) ---- Ion Engine Compact Wheel Improved Cooling System Small Matter Pod (50) Visual Processing Unit Slug Cannon Signal Generator Self-destruct Interrupter (50) Peak State ------------ > --- POWER ------------ Improved Ion Engine > --- PROPULSION ------- Wheel Wheel Compact Wheel > --- UTILITY ---------- Small Storage Unit Small Matter Pod High-powered Tractor Beam > --- WEAPON ----------- Heavy Battle Rifle Phasing Sabre > --- INVENTORY -------- Ion Engine Compact Wheel Visual Processing Unit Light Armor Plating Field Recycling Unit Slug Cannon Signal Generator Self-destruct Interrupter [Rating: 22] Favorites ----------- Power Improved Ion Engine Engine Improved Ion Engine Propulsion Wheel Leg Aluminum Leg Wheel Wheel Utility Small Storage Unit Device High-powered Tractor Beam Storage Small Storage Unit Protection Light Armor Plating Weapon Small Laser Energy Gun Small Laser Ballistic Gun Heavy Assault Rifle Slashing Weapon Phasing Sabre Build | -11 -10 -10 -9 -9 -7 ------- Run | Yrd Mat Min Mat Min Zio Slots Evolved 2 | . . . 2 . . Power . | . . . . . . Propulsion 1 | . . . 1 . . Utility 1 | . . . 1 . . Weapon . | . . . . . . Parts Attached 17 | 6 2 . 5 . 4 Power 2 | 1 . . 1 . . Engine 2 | 1 . . 1 . . Core . | . . . . . . Reactor . | . . . . . . Propulsion 4 | 1 2 . 1 . . Treads . | . . . . . . Leg 1 | 1 . . . . . Wheel 3 | . 2 . 1 . . Hover . | . . . . . . Flight . | . . . . . . Utility 5 | 2 . . 1 . 2 Device 2 | 1 . . . . 1 Storage 2 | 1 . . 1 . . Processor . | . . . . . . Hackware . | . . . . . . Protection 1 | . . . . . 1 Artifact . | . . . . . . Weapon 6 | 2 . . 2 . 2 Energy Gun 2 | 1 . . 1 . . Energy Cannon . | . . . . . . Ballistic Gun 3 | 1 . . 1 . 1 Ballistic Cannon . | . . . . . . Launcher . | . . . . . . Special Weapon . | . . . . . . Impact Weapon . | . . . . . . Slashing Weapon 1 | . . . . . 1 Piercing Weapon . | . . . . . . Special Melee Weapon . | . . . . . . Unidentified Prototypes 1 | . . . 1 . . Parts Lost 7 | . . . . . 7 Power 1 | . . . . . 1 Propulsion 3 | . . . . . 3 Utility 2 | . . . . . 2 Weapon 1 | . . . . . 1 Highest Loss Streak 7 | . . . . . 7 To Critical Strikes . | . . . . . . Average Backups 5 | 3 5 5 6 7 5 Power 1 | . 1 1 2 2 1 Propulsion 1 | 1 2 2 1 1 1 Utility 2 | . 1 1 1 3 2 Weapon 1 | . 1 1 1 1 . Tool/Special . | . . . . . . Unused Backups 9 | . . . 2 1 6 Power 2 | . . . 1 . 1 Propulsion 1 | . . . . . 1 Utility 4 | . . . . 1 3 Weapon 2 | . . . 1 . 1 Tool/Special . | . . . . . . Average Slot Usage (%) 98 | . 100 100 96 100 98 Engine 10 | . 14 14 7 11 10 Wheel 32 | . 23 28 33 33 32 Device 11 | . 14 14 11 11 10 Storage 16 | . 14 14 21 22 15 Protection 4 | . . . . . 6 Energy Gun 6 | . 14 14 11 11 4 Ballistic Gun 11 | . 14 14 11 11 10 Slashing Weapon 4 | . . . . . 6 Peak Build Rating 22 | 6 7 7 12 12 22 Average Rating 14 | 4 7 7 10 12 18 On Entrance 7 | . 6 7 7 12 12 Avg Prop Armor Cover (%) . | . . . . . . Naked Turns . | . . . . . . Heaviest Build 24 | 13 13 13 18 18 24 Greatest Support 36 | 10 26 26 36 36 36 Greatest Overweight (x) 2 | 1 . . . . 2 Average Overweight (x) . | . . . . . . Largest Inventory Capacity 8 | 8 8 8 8 8 8 Average Capacity 7 | 7 8 8 8 8 8 Most Carried 8 | 6 5 6 8 8 8 Average Carried 7 | 3 5 5 7 8 7 Final Capacity 8 | 8 8 8 8 8 8 Final Carried 8 | 6 5 6 8 8 8 Class Distribution -------------------- 78% | Scavenger-Mutant 21% | Mutant Dominant Class ---------------- Mutant | -10/Materials Mutant | -10/Mines Scavenger-Mutant | -9/Materials Scavenger-Mutant | -9/Mines Scavenger-Mutant | -7/Zion Resources | -11 -10 -10 -9 -9 -7 ----------- Run | Yrd Mat Min Mat Min Zio Matter Collected 419 | 264 . 22 84 . 49 Remotely 160 | 11 . 22 84 . 43 Salvage Created 221 | 98 . 11 12 . 100 Parts 13 | 3 . 1 3 . 6 Haulers Intercepted . | . . . . . . Recyclers Shooed . | . . . . . . Parts Field Recycled . | . . . . . . Retrieved Matter . | . . . . . . Parts Self-Destructed . | . . . . . . Prevented . | . . . . . . Parts Restored . | . . . . . . Kills | -11 -10 -10 -9 -9 -7 ------- Run | Yrd Mat Min Mat Min Zio Combat Hostiles Destroyed 1 | . . . . . 1 Melee 1 | . . . . . 1 Classes Destroyed 6 | 2 . 1 1 . 2 Worker 1 | 1 . . . . . Tunneler 1 | . . 1 . . . Recycler 1 | 1 . . . . . Watcher 1 | . . . 1 . . Tinkerer 1 | . . . . . 1 Mutant 1 | . . . . . 1 Best Kill Streak 1 | 1 . 1 1 . 1 Combat Bots Only 1 | . . . . . 1 Max Kills in Single Turn 1 | 1 . 1 1 . 1 Gunslinging . | . . . . . . Exploded . | . . . . . . Melee 1 | . . . . . 1 Uniques/NPCs Destroyed . | . . . . . . Combat | -11 -10 -10 -9 -9 -7 -------- Run | Yrd Mat Min Mat Min Zio Hostile Shots Fired 113 | . . 1 15 . 97 Missed 28 | . . 1 6 . 21 Hits 85 | . . . 9 . 76 Projectile 85 | . . . 9 . 76 Critical Strikes 1 | . . . . . 1 Part Disruptions 1 | . . . . . 1 Damage Taken 961 | . . . 93 . 868 Core 407 | . . . . . 407 Absorbed by Shields . | . . . . . . Core Remaining (%) 100 | 100 . 100 . . . Volleys Fired 15 | 4 . 2 8 . 1 Largest 2 | 2 . 2 2 . 1 Hottest 63 | 60 . 60 63 . 33 Shots Fired 29 | 8 . 4 16 . 1 Gun 29 | 8 . 4 16 . 1 Cannon . | . . . . . . Launcher . | . . . . . . Special . | . . . . . . Kinetic 15 | 4 . 2 8 . 1 Thermal 14 | 4 . 2 8 . . Explosive . | . . . . . . Electromagnetic . | . . . . . . Robot Hit Streak 6 | 6 . 1 4 . 5 Robot Miss Streak 4 | . . 2 4 . . Penetration Max . | . . . . . . Secondary Targets . | . . . . . . Shots Hit Robots 27 | 6 . 1 8 . 12 Core Hits 8 | 3 . 1 1 . 3 Critical Kills . | . . . . . . Critical Parts Destroyed 1 | . . . 1 . . Critical Strikes 1 | . . . 1 . . Destroy 1 | . . . 1 . . Melee Attacks 14 | . . . . . 14 Impact . | . . . . . . Slashing 14 | . . . . . 14 Piercing . | . . . . . . Sneak Attacks 1 | . . . . . 1 Combat Hostiles . | . . . . . . Follow-up Attacks . | . . . . . . Damage Inflicted 652 | 60 . 11 114 . 467 Guns 202 | 60 . 11 114 . 17 Cannons . | . . . . . . Explosions . | . . . . . . Melee 447 | . . . . . 447 Ramming 3 | . . . . . 3 Kinetic 112 | 17 . . 78 . 17 Thermal 90 | 43 . 11 36 . . Explosive . | . . . . . . Electromagnetic . | . . . . . . Impact . | . . . . . . Slashing 447 | . . . . . 447 Piercing . | . . . . . . Highest Corruption 5 | . . . . . 5 Average Corruption 2 | . . . . . 2 Corruption Purged . | . . . . . . Corruption Blocked . | . . . . . . Effects 1 | . . . . . 1 Matter Fused 1 | . . . . . 1 Overload Shots . | . . . . . . Overflow Damage 58 | . . . . . 58 Projectiles . | . . . . . . Explosions . | . . . . . . Melee 58 | . . . . . 58 Knockbacks . | . . . . . . Impact . | . . . . . . Kinetic . | . . . . . . Secondary . | . . . . . . Self-Inflicted Damage 1 | . . . . . 1 Shots . | . . . . . . Rammed 3 | . . . . . 3 Targets Rammed 3 | . . . . . 3 Kicked . | . . . . . . Crushed . | . . . . . . Highest Temperature 281 | 40 . 20 281 . 32 Average Temperature 61 | 16 . 15 141 . 9 Received Heat Transfer 298 | . . . 18 . 280 Siege Activations . | . . . . . . Martial Activations . | . . . . . . Shielding Activations . | . . . . . . Robots Disrupted . | . . . . . . Combat Hostiles . | . . . . . . Robots Corrupted . | . . . . . . Combat Hostiles . | . . . . . . Parts Fried . | . . . . . . Impact Corruptions . | . . . . . . Robots Melted . | . . . . . . Combat Hostiles . | . . . . . . Parts Melted . | . . . . . . Heat Transferred 200 | 100 . 25 75 . . Parts Sabotaged . | . . . . . . Parts Stolen . | . . . . . . Parts Stripped . | . . . . . . Power Chain Reactions . | . . . . . . Alert | -11 -10 -10 -9 -9 -7 ------- Run | Yrd Mat Min Mat Min Zio Maximum Alert Level . | . . . . . . Low Security (%) 100 | 100 100 100 100 100 . Level 1 . | . . . . . . Level 2 . | . . . . . . Level 3 . | . . . . . . Level 4 . | . . . . . . Level 5 . | . . . . . . High Security . | . . . . . . Max Security . | . . . . . . Peak Influence 44 | 5 . 20 44 . . Initial . | . . . . . . Average 6 | . . 3 19 . . Influence Increases 156 | 10 . 35 111 . . Destroy 0b10 Robot/C 60 | . . . 60 . . Destroy 0b10 Robot/NC 30 | 10 . 5 15 . . Destroy Leader 24 | . . . 24 . . Allied During Kill 11 | . . . 11 . . Destroy Structure 1 | . . . 1 . . Lose Combat Pursuer 30 | . . 30 . . . Influence Decreases 156 | 10 . 35 111 . . Time Decay 120 | 10 . 35 75 . . Lost Ally 36 | . . . 36 . . Squads Dispatched . | . . . . . . Investigation . | . . . . . . Extermination . | . . . . . . Reinforcement . | . . . . . . Assault . | . . . . . . Garrison . | . . . . . . Intercept . | . . . . . . Searches Triggered . | . . . . . . Construction Impeded . | . . . . . . Haulers Reinforced . | . . . . . . Active Scanning Responses . | . . . . . . Cargo Convoy Interrupts . | . . . . . . Stealth | -11 -10 -10 -9 -9 -7 --------- Run | Yrd Mat Min Mat Min Zio Distress Signals 3 | . . . 3 . . Communications Jammed . | . . . . . . Distress Signals . | . . . . . . Times Spotted 15 | . . 2 9 . 4 Peak Tracking Total 5 | . 1 2 5 . 4 Tactical Retreats 2 | . . 2 . . . Traps | -11 -10 -10 -9 -9 -7 ------- Run | Yrd Mat Min Mat Min Zio Traps Triggered . | . . . . . . Indirectly . | . . . . . . Trap Hack Attempts . | . . . . . . Triggered . | . . . . . . Disarmed . | . . . . . . Reprogrammed . | . . . . . . Reused . | . . . . . . Traps Extracted . | . . . . . . Installed . | . . . . . . Triggered . | . . . . . . Machines | -11 -10 -10 -9 -9 -7 ---------- Run | Yrd Mat Min Mat Min Zio Machines Disabled . | . . . . . . Max in Single Turn . | . . . . . . Machines Repaired . | . . . . . . Machines Dismantled . | . . . . . . Machines Sabotaged . | . . . . . . Overloaded Fab Kills . | . . . . . . Hacking | -11 -10 -10 -9 -9 -7 --------- Run | Yrd Mat Min Mat Min Zio Machines Accessed 2 | . . . 1 . 1 Terminals . | . . . . . . Fabricators . | . . . . . . Repair Stations . | . . . . . . Recycling Units 1 | . . . 1 . . Scanalyzers . | . . . . . . Garrison Access . | . . . . . . Total Hacks 7 | . . . 2 . 5 Successful 6 | . . . 1 . 5 Failed 1 | . . . 1 . . Catastrophic . | . . . . . . Database Lockouts . | . . . . . . Manual 7 | . . . . . 7 Terminals . | . . . . . . Fabricators . | . . . . . . Repair Stations . | . . . . . . Recycling Units 2 | . . . 2 . . Scanalyzers . | . . . . . . Garrison Access . | . . . . . . Terminal Hacks 5 | . . . . . 5 Part Schematic 5 | . . . . . 5 Fabricator Hacks . | . . . . . . Repair Station Hacks . | . . . . . . Recycling Unit Hacks 1 | . . . 1 . . Report Inventory 1 | . . . 1 . . Scanalyzer . | . . . . . . Garrison Access Hacks . | . . . . . . Unauthorized Hacks . | . . . . . . Terminals . | . . . . . . Fabricators . | . . . . . . Repair Stations . | . . . . . . Recycling Units . | . . . . . . Scanalyzers . | . . . . . . Garrison Access . | . . . . . . Data Cores Recovered 1 | . . . 1 . . Used . | . . . . . . Hacking Detections . | . . . . . . Full Trace Events . | . . . . . . Feedback Events . | . . . . . . Feedback Blocked . | . . . . . . Robot Schematics Acquired 4 | . . . . . 4 Robots Built . | . . . . . . Authchips . | . . . . . . Time . | . . . . . . Total Robot Build Rating . | . . . . . . Part Schematics Acquired 19 | . . . . . 19 Parts Built . | . . . . . . Authchips . | . . . . . . Time . | . . . . . . Total Part Build Rating . | . . . . . . Part Studies Acquired . | . . . . . . Parts Repaired . | . . . . . . Time . | . . . . . . Parts Recycled . | . . . . . . Recycled Matter . | . . . . . . Retrieved Matter . | . . . . . . Retrieved Components . | . . . . . . Parts Scanalyzed . | . . . . . . Part Schematics Acquired . | . . . . . . Parts Damaged . | . . . . . . Bothacking | -11 -10 -10 -9 -9 -7 ------------ Run | Yrd Mat Min Mat Min Zio Used RIF Installer . | . . . . . . Robots Hacked . | . . . . . . Non-combat . | . . . . . . Combat . | . . . . . . Robot Hacks Applied . | . . . . . . Relay Couplers Released . | . . . . . . Fabnet Peak Effective % . | . . . . . . Robots Rewired . | . . . . . . Allies Hacked . | . . . . . . Hacks Repelled . | . . . . . . Allies | -11 -10 -10 -9 -9 -7 -------- Run | Yrd Mat Min Mat Min Zio Total Allies 7 | . . 3 . . 4 Largest Group 4 | . . 3 3 . 4 Highest-Rated Group 160 | . . 40 40 . 160 Highest-Rated Ally 41 | . . 16 16 . 41 Total Orders . | . . . . . . Ally Attacks 34 | . . . 34 . . Total Damage 279 | . . . 279 . . Kills 5 | . . . 5 . . Allies Corrupted . | . . . . . . Allies Melted . | . . . . . . Intel | -11 -10 -10 -9 -9 -7 ------- Run | Yrd Mat Min Mat Min Zio Active Infowar (turns) . | . . . . . . Robot Analysis Total . | . . . . . . Derelict Logs Recovered 2 | . . . . . 2 Drone Launches . | . . . . . . Drone Recoveries . | . . . . . . Exploration | -11 -10 -10 -9 -9 -7 ------------- Run | Yrd Mat Min Mat Min Zio Turns Passed 1848 | 189 25 166 178 91 1199 Spaces Moved 1836 | 94 25 177 153 104 1283 Core 11 | 8 . . . . 3 Treads . | . . . . . . Legs 86 | 86 . . . . . Wheels 1739 | . 25 177 153 104 1280 Hover . | . . . . . . Flight . | . . . . . . Fastest Speed 50 | 50 90 90 86 86 86 Average Speed 91 | 175 90 90 86 86 86 Slowest Speed 190 | 190 90 90 86 86 150 Overloaded Moves . | . . . . . . Propulsion Burnouts . | . . . . . . Robots Hopped . | . . . . . . Potential Cave-ins . | . . . . . . Cave-ins Triggered . | . . . . . . Exploration Rate (%) 34 | 5 10 44 20 40 90 Regions Visited 5 Branch Regions 3 Pre-discovered Areas 2 | . . . . . 2 Known Exits Taken . | . . . . . . Unknown Exits Taken 5 | 1 1 1 1 1 . Scrap Searched 2 | . . 1 . . 1 Spaces Dug 1 | . . . . . 1 Terrain Destroyed 1 | . . . . . 1 Melee 1 | . . . . . 1 Projectile . | . . . . . . AOE . | . . . . . . Terrain Rammed . | . . . . . . Walls Destroyed . | . . . . . . Machines Disabled . | . . . . . . Actions | -11 -10 -10 -9 -9 -7 --------- Run | Yrd Mat Min Mat Min Zio Total 1960 | 109 26 179 184 105 1357 Wait 47 | . . . 5 . 42 Move 1831 | 93 24 176 152 103 1283 Hop . | . . . . . . Pick Up 18 | 6 . 1 7 1 3 Fast Attach 11 | 6 . . 2 . 3 Attach 5 | . 1 . 3 . 1 Detach 2 | . . . 1 . 1 Swap 2 | . 1 . 1 . . Drop 12 | . . . 5 1 6 Fire 15 | 4 . 2 8 . 1 Melee 14 | . . . . . 14 Ram 3 | . . . . . 3 Kick . | . . . . . . Crush . | . . . . . . Escape Stasis . | . . . . . . Rewire . | . . . . . . Trap . | . . . . . . Miscellaneous . | . . . . . . Route ------- -11/Scrapyard -10/Materials -10/Mines -9/Materials -9/Mines (discovered 2 exits: [*Mat] / *Zio) -7/Zion (discovered 1 exit: Dee) History --------- Turn | Location | Event 5 | -11/Scrapyard | Discovered new exit (range 15) 190 | -11/Scrapyard | Entered Materials 193 | -10/Materials | Discovered new exit (range 15) 215 | -10/Materials | Entered Mines 307 | -10/Mines | Build established: Mutant 352 | -10/Mines | Discovered new exit (range 6) 363 | -10/Mines | Assisted by bots powering up and referring to "LRC-V3" 381 | -10/Mines | Entered Materials 381 | -9/Materials | Accompanied by 3 allies 381 | -9/Materials | Evolved 2 slots: Propulsion x1, Utility x1 471 | -9/Materials | Discovered new exit (range 16) 559 | -9/Materials | Entered Mines 560 | -9/Mines | Met a Derelict testing a Signal Generator 564 | -9/Mines | Found Signal Generator 576 | -9/Mines | Discovered new exit (range 15) 643 | -9/Mines | A Derelict revealed a hidden shortcut to a safe place 650 | -9/Mines | Entered Zion 680 | -7/Zion | Build established: Scavenger-Mutant 702 | -7/Zion | Identified exit to Deep Caves 919 | -7/Zion | Met Imprinter 979 | -7/Zion | Imprinted 981 | -7/Zion | Declared Zion's savior 1280 | -7/Zion | Learned location of Storage (-7) 1803 | -7/Zion | Attacked by Zionites 1835 | -7/Zion | Core integrity fell below 50% 1845 | -7/Zion | Core integrity fell below 20% 1849 | -7/Zion | Destroyed by H6-KUR(M) with Enhanced Flamer Last Messages --------------- 01802_ K8-FPS destroyed. [Achievement: Backstab] 01803_ PUBLIC SERVICE ANNOUNCEMENT: Zion is under attack! Defend our home! 01810_ Acquired 3 matter. 01813_ Wheel destroyed. 01820_ Lgt. Armor Plating destroyed. 01822_ Imp. Ion Engine destroyed. 01823_ Hvy. Battle Rifle destroyed. 01826_ Destroyed Hvy. Riot Gun. 01829_ P9-ZQV(M) destroyed. 01834_ Hpw. Tractor Beam destroyed. 01834_ Wheel destroyed. 01835_ Destroyed Particle Charger. 01841_ System corrupted: Matter fused (-6). 01841_ Acquired 6 matter. 01842_ Slammed into 5C-ZGY(M). 01843_ Com. Wheel destroyed. 01843_ Slammed into H6-KUR(M). 01846_ Critical hit (Burn: +80). Map ----- +----------------------------------------------------+ | ?????????????????????????????????? ?????????????? | | ?????????????????????????????????# ?????????????? | | ?????????????????????????????????# #????????????? | | ???????????????????????????" ????# #????????????? | | ???????????????????????????? "???# #??????##????? | | ?????????????????????? ???? ##?# #?????# ##???? | | ?????????????????????? ?## ?# ###??? #???? | | ??????????????????????# ?# ?# ##?? #???? | | ??????????????????????# ## ?# ##? #????? | | ????????????????####### #?# # ## #????? | | ????????????????#"""## ### # #????? | | ????????????????#"&"## ## # #????? | | ????????????????# & ### # #?????? | | #####???????????#* #?# #?????? | | # "############# ##???# #?????? | | # """"""""""""## #????# #??????? | | # """"""""""""## ##?????# ### #??????? | | ## #??###### ####?# #??????? | | #??# ## #????# #??????? | | ##??# ##???# #??????? | | # ##### #???# #??????? | | # """"""""""""# ##???# #??????? | | # """"""""""""# ####????# #??????? | | # "#################### #???????# #??????? | | #####????????#########?# #####???????# #??????? | | ????????????##""# ### @##?####??????# #??????? | | ???????????##"""" ## #??# ###????# #??????? | | ???????????#"!% *!## #?## ###### #??????? | | ???????????# !%!MM ### # #??????? | | ???????????#"" "" =##; ## #??????? | | ????????????# [ # ### #?# #??????? | | ????????????##### #?##### ### #??????? | | ????????????????## ##?????# ## #??????? | | ?????????????????# #??????# ### #??????? | | ?????????????????####??????# " " #?# #??????? | | ???????????????????????????# " " ### ##?????? | | ???????????????????????????# """ ## #?????? | | ???????????????????????????# ## #?????? | | ???????????????????????????############# ##?????? | | ?????????????????????????????????????## #?????? | | ?????????????????????????????????????# ##?????? | | ?????????????????????????????????????## #?????? | | ?????????????????????????????????????# #?????? | | ?????????????????????????????????????# ##?????? | | ?????????????????????????????????????## ##??????? | | ??????????????????????????????????????####???????? | | ?????????????????????????????????????????????????? | | ?????????????????????????????????????????????????? | | ?????????????????????????????????????????????????? | | ?????????????????????????????????????????????????? | +----------------------------------------------------+ Best States ------------- Heat Dissipation 28 Energy Generation 12 Energy Capacity 265 Matter Stores 350 Matter Capacity 350 Sight Range 16 Terrain Scan Density 10 Armor Coverage 150 Evasion (%) 45 Item Schematics ----------------- Battle Cannon | -7/Zion | Free Flamer | -7/Zion | Free Hvy. Riot Gun | -7/Zion | Free Slug Cannon | -7/Zion | Free Enh. Flamer | -7/Zion | Free Flak Gun | -7/Zion | Archive Plasma Rifle | -7/Zion | Archive Recalibrator | -7/Zion | Archive Force Field | -7/Zion | Archive Imp. Melee Analysis Suite | -7/Zion | Archive Magnetic Acceleration Cannon | -7/Zion | Archive Component Analysis Suite | -7/Zion | Archive Imp. Focal Shield | -7/Zion | Archive Point Defense System | -7/Zion | Archive Matter Filter | -7/Zion | Archive Imp. Thermal Generator | -7/Zion | Archive Kinecellerator | -7/Zion | Archive EM Disruption Field | -7/Zion | Archive Adv. Melee Analysis Suite | -7/Zion | Archive Robot Schematics ------------------ K-01 Serf | -7/Zion | Archive B-36 Bruiser | -7/Zion | Archive B-48 Gladiator | -7/Zion | Archive D-83 Annihilator | -7/Zion | Archive Fabricated ------------ Nothing Repaired ---------- Nothing Studied --------- None Alien Tech Used ----------------- None Achievements -------------- Backstab Challenges ------------ None Game ------ Seed PrecisionPartitionMegatreads Manual? 0 Play Time 00:29:46 Cumulative 20.4 hours Start 2026.08.13 @ 04:02:00 End 2026.08.13 @ 04:32:28 Sessions 1 Manual Loads 0 Difficulty Rogue Special Mode None Game No. 27 Rogue 27 Adventurer 0 Explorer 0 Win Type - Total 0 Types 0/0/0/0/0/0/0/0/0/0 Lore% 12 Gallery% 15 Achievement% 11 Wizard Run 0 Options --------- Layout 1 ASCII 0 Keyboard 1 Movement Numpad Keybinds 1 Fullscreen 2 Font 32/SmallcapsGlow Map View 50x40 Zoom Use 58% Tactical HUD 1 Map Filters NONE Filters NONE Steam 1 RUN: bd412bdb-c909-45aa-aee0-7bdeb8ae0e1f